 Dungeon Crawl Stone Soup version 0.26-a0-30-g56b8cd3df0 (webtiles) character file.

Game seed: 15389903550742220326, levelgen mode: deterministic

100 vurker the Conjurer (level 4, -4/25 HPs)
             Began as a Deep Elf Conjurer on May 30, 2020.
             Slain by an ogre
             ... wielding a +0 giant spiked club
              (29 damage)
             ... on level 3 of the Dungeon.
             The game lasted 00:01:56 (2207 turns).

vurker the Conjurer (Deep Elf Conjurer)             Turns: 2207, Time: 00:01:57

Health: -4/25      AC:  6    Str:  5    XL:     4   Next: 46%
Magic:  7/12       EV: 17    Int: 21    God:
Gold:   90         SH:  0    Dex: 15    Spells: 9/12 levels left

rFire    . . .     SeeInvis .   q - +4 quarterstaff (chaos)
rCold    . . .     Gourm    .   (shield currently unavailable)
rNeg     . . .     Faith    .   a - +0 robe
rPois    .         Spirit   .   (no helmet)
rElec    .         Reflect  .   p - +2 cloak {Stlth+}
rCorr    .         Harm     .   h - +0 pair of gloves
MR       .....                  (no boots)
Stlth    +.........             (no amulet)
HPRegen  0.08/turn              c - +4 ring of evasion
MPRegen  0.13/turn              n - ring of attention (curse)

@: no status effects
A: no striking features
a: no special abilities


You were on level 3 of the Dungeon.
You were hungry.

You visited 1 branch of the dungeon, and saw 3 of its levels.

You collected 90 gold pieces.

Inventory:

Hand Weapons
 f - a +1 dagger of speed
   (You found it on level 1 of the Dungeon)
 q - a +4 quarterstaff of chaos (weapon)
   (You took it off Crazy Yiuf on level 2 of the Dungeon)
Armour
 a - a +0 robe (worn)
 h - a +0 pair of gloves (worn)
   (You found it on level 1 of the Dungeon)
 p - a +2 cloak of stealth (worn)
   (You took it off Crazy Yiuf on level 2 of the Dungeon)
Jewellery
 c - a +4 ring of evasion (left hand)
   (You found it on level 1 of the Dungeon)
 n - a cursed ring of attention (right hand)
   (You found it on level 2 of the Dungeon)
Scrolls
 b - 3 scrolls of identify {unknown}
 d - a scroll of remove curse {unknown}
 i - a scroll of teleportation {unknown}
 j - a scroll of fog {unknown}
 l - a scroll of magic mapping {unknown}
 m - a scroll of fear {unknown}
Potions
 g - a potion of magic {unknown}
 k - a potion of haste {unknown}
Comestibles
 e - 9 rations


   Skills:
 + Level 1.2 Fighting
 - Level 2.4 Dodging
 - Level 2.4 Stealth
 * Level 4.6 Spellcasting
 * Level 5.3 Conjurations


You had 9 spell levels left.
You knew the following spells:

 Your Spells              Type           Power        Failure   Level  Hunger
a - Magic Dart            Conj           ####         1%          1    None
b - Searing Ray           Conj           ####..       1%          2    #......

Your spell library contained the following spells:

 Spells                   Type           Power        Failure   Level  Hunger
 Dazzling Flash           Conj/Hex       ###...       11%         3    ##.....
 Fulminant Prism          Conj/Hex       ###.......   36%         4    ####...
 Iskenderun's Mystic Bla  Conj/Tloc      ###.....     36%         4    ####...


Dungeon Overview and Level Annotations

Branches:
Dungeon (3/15)

Altars:
Ru


Message History

You finish putting on your +2 cloak of stealth.
You feel stealthy.
Your +4 quarterstaff of chaos is briefly surrounded by a scintillating aura of random colours.
q - a +4 quarterstaff of chaos (weapon)
All of the chunks of flesh in your inventory have rotted away.
There is an escape hatch in the floor here.
You are feeling hungry.
You can't go up here!
There is an escape hatch in the ceiling here.
A mysterious force pulls you upwards. The hatch slams shut behind you.
(D) Dungeon
Where to? (Enter - D:2 @ (x,y), ? - help)
What level of the Dungeon? (default 1, ? - help)
There is an open door here.
There is a stone staircase leading down here.
You climb downwards.
There is a stone staircase leading up here.
There is a stone staircase leading down here.
You climb downwards.
A rat comes into view.
There is a stone staircase leading up here.
You sock the rat!
You kill the rat!
No target in view!
No target in view!
A hobgoblin comes into view. It is wielding a -2 club.
Found a stone staircase leading down.
A hobgoblin is nearby!
Aim: a hobgoblin, wielding a -2 club (asleep)
The magic dart hits the hobgoblin.
Aim: a hobgoblin, wielding a -2 club (heavily wounded)
The magic dart hits the hobgoblin.
You kill the hobgoblin!
You can't see any susceptible monsters within range! (Use Z to cast anyway.)
An ogre comes into view. It is wielding a +0 giant spiked club.
Found 3 gold pieces and a hunting sling.
An ogre is nearby!
An ogre is nearby!
Aim: an ogre, wielding a +0 giant spiked club The magic dart hits the ogre.
Aim: an ogre, wielding a +0 giant spiked club (lightly wounded)
The magic dart hits the ogre.
Aim: an ogre, wielding a +0 giant spiked club (moderately wounded)
The searing ray hits the ogre! (Press . to maintain the ray.)
The ogre barely misses you.
The searing ray hits the ogre.
The ogre hits you with a +0 giant spiked club!!
Ouch! That really hurt!
You die...

## #......)# .#
#......>
)##......# .
........#..
............
####...........
#...O....$.....
#@.# ...
##.###.##
#......#
######..##...
#........#
#........#
#........#
#....<...#
#........#


You could see an ogre.

Vanquished Creatures
  Crazy Yiuf (D:2)
  3 adders (D:2)
  A leopard gecko (D:2)
  3 giant cockroaches
  10 hobgoblins
  2 kobolds (D:1)
  A quokka (D:2)
  7 bats
  5 frilled lizards
  5 goblins
  6 rats
44 creatures vanquished.

Notes
Turn   | Place    | Note
-------+----------+-------------------------------------------
     0 | D:1      | vurker the Deep Elf Conjurer began the quest for the Orb.
     0 | D:1      | Reached XP level 1. HP: 10/10 MP: 6/6
   409 | D:1      | Reached XP level 2. HP: 16/16 MP: 6/8
  1047 | D:2      | Reached XP level 3. HP: 20/20 MP: 7/10
  1096 | D:2      | Learned a level 2 spell: Searing Ray
  1105 | D:2      | Reached skill level 5 in Conjurations
  1139 | D:2      | Found a sacrificial altar of Ru.
  1216 | D:2      | Reached skill level 1 in Fighting
  1603 | D:2      | Found a runed translucent door.
  1604 | D:2      | Noticed Crazy Yiuf
  1851 | D:2      | Reached XP level 4. HP: 25/25 MP: 7/12
  2061 | D:2      | Killed Crazy Yiuf
  2203 | D:3      | Noticed an ogre
  2207 | D:3      | Slain by an ogre

Illustrated notes

Levels and vault maps discovered:
D:1:      lemuel_arrival_hallway, layout_basic, minmay_split_cup_small
D:2:      layout_loops_ring, nicolae_ru_great_annihilating_truth, first_ration,
          uniq_crazy_yiuf_cottage
D:3:      layout_rooms, tso_altar, old_standard_altar

Skill      XL: |  1  2  3 |
---------------+----------+-----
Spellcasting   | 4 |  4.6
Conjurations   | 5 |  5.3
Fighting       | 1 |  1.2
Dodging        | |  2.4
Stealth        | |  2.4

Action                   |  1- 3 |  4- 6 || total
-------------------------+-------+-------++-------
Melee: Quarterstaff      |       |     1 ||     1
 Cast: Magic Dart        |    73 |     5 ||    78
       Searing Ray       |       |     2 ||     2
  Eat: Chunk             |     3 |       ||     3
Dodge: Dodged            |    10 |     1 ||    11

Table legend:
 A = Non-vault XP
 B = Vault XP
 C = Vault XP percentage of total XP
 D = Non-vault monster count
 E = Vault monster count
 F = Vault count percentage of total count
                 A         B        C        D         E       F
            +---------+---------+-------+---------+---------+-------
      Total |      93 |      50 |  35.0 |      36 |       8 |  18.2
            +---------+---------+-------+---------+---------+-------
        D:1 |      27 |       4 |  12.9 |      17 |       3 |  15.0
        D:2 |      63 |      46 |  42.2 |      17 |       5 |  22.7
        D:3 |       3 |       0 |   0.0 |       2 |       0 |   0.0
            +---------+---------+-------+---------+---------+-------
